 Dungeon Crawl Stone Soup version 0.28.0-53-g5a82cb258f (webtiles) character file.

Game seed: 7897822269689294947

2057 jjjjhere the Spear-Bearer (level 9, -11/68 HPs)
             Began as a Merfolk Cinder Acolyte on Sept 3, 2022.
             Was a Follower of Okawaru.
             Mangled by a fire elemental (12 damage)
             ... created by the fiery vengeance of Ignis
             ... on level 6 of the Dungeon.
             The game lasted 00:11:09 (8046 turns).

jjjjhere the Spear-Bearer (Merfolk Cinder Acolyte)  Turns: 8046, Time: 00:11:09

Health: -11/68     AC: 13    Str: 17    XL:     9   Next: 25%
Magic:  0/10       EV:  6    Int: 13    God:    Okawaru [*.....]
Gold:   288        SH:  0    Dex: 11    Spells: 10/10 levels left

rFire   . . .      SeeInvis .   c - +1 trident
rCold   . . .      Faith    .   (no shield)
rNeg    . . .      Spirit   +   i - +0 plate armour
rPois   +          Reflect  .   r - +1 hat
rElec   .          Harm     .   (no cloak)
rCorr   .          Rampage  .   (no gloves)
Will    .....                   k - +0 pair of boots
Stlth   ..........              h - amulet of guardian spirit
HPRegen 0.21/turn               l - ring of wizardry
MPRegen 0.12/turn               n - ring of poison resistance

@: fire susceptible
A: (nimble swimmer 2), mertail
a: Renounce Religion, Heroism


You were on level 6 of the Dungeon.
You worshipped Okawaru.
Okawaru was aware of your devotion.
You visited 2 branches of the dungeon, and saw 8 of its levels.
You also visited: Sewer.

You collected 288 gold pieces.

Inventory:

Hand Weapons
 a - a -1 spear of flaming
 c - a +1 trident (weapon)
 t - a +0 whip of electrocution
Missiles
 x - 12 poisoned darts (quivered)
 B - 6 boomerangs
Armour
 i - a +0 plate armour (worn)
 k - a +0 pair of boots (worn)
 o - the +0 leather armour of Tender Moments {rPois}
   (You found it on level 3 of the Dungeon)

   rPois:     It protects you from poison.
 r - a +1 hat (worn)
 z - a +0 troll leather armour
 G - a scarf of repulsion
Jewellery
 b - a ring of fire
 h - an amulet of guardian spirit (around neck)
 l - a ring of wizardry (left hand)
 n - a ring of poison resistance (right hand)
Wands
 v - a wand of acid (1)
 y - a wand of paralysis (9)
Scrolls
 d - a scroll of fear
 e - 3 scrolls of fog
 g - 2 scrolls of blinking
 u - a scroll of summoning
 D - a scroll of vulnerability {unknown}
Potions
 f - a potion of brilliance {unknown}
 j - 3 potions of attraction
 m - a potion of curing {unknown}
 p - a potion of invisibility {unknown}
 q - a potion of resistance {unknown}
 s - 6 potions of heal wounds {unknown}
 w - a potion of magic {unknown}
 A - a potion of degeneration {unknown}
 E - a potion of ambrosia {unknown}
 F - a potion of lignification {unknown}


   Skills:
 - Level 5.2 Fighting
 - Level 14.0 Polearms
 + Level 3.8 Armour
 - Level 3.5 Dodging
 - Level 1.0 Spellcasting
 - Level 2.1 Fire Magic


You had 10 spell levels left.
You didn't know any spells.
Your spell library contained the following spells:

 Spells                   Type           Power      Damage    Failure   Level
 Scorch                   Fire           12%        2d6       95%         2


Dungeon Overview and Level Annotations

Branches:
Dungeon (7/15)             Temple (1/1) D:4           Sewer (visited)

Altars:
Ashenzari
Cheibriados
Dithmenos
Elyvilon
Fedhas
Gozag
Hepliaklqana
Kikubaaqudgha
Makhleb
Okawaru
Qazlal
Trog
Vehumet
Wu Jian


Innate Abilities, Weirdness & Mutations

((You are very nimble when in or above water. (Stealth+, EV+, Speed+++)))
Your lower body shifts to a powerful aquatic tail in water.


Message History

That felt strangely unrewarding.
The bolt of acid hits the fire elemental!!
The fire elemental seems to be corroded for longer.
You destroy the fire elemental!
That felt strangely unrewarding.
You start resting.
Magic restored.
You start resting.
Ignis wails with rage, and rains down burning fury! 2 fire elementals come into view.
Aiming: Corrosive Bolt
Press: ? - help, Shift-Dir - straight line, f - fire elemental
Aim: a fire elemental (durably summoned, 64% to hit)
The bolt of acid hits the fire elemental!
The fire elemental is moderately damaged.
The bolt of acid hits the fire elemental!
The fire elemental is heavily damaged.
The fire elemental hits you. The fire elemental burns you!
Aiming: Corrosive Bolt
Press: ? - help, Shift-Dir - straight line, f/p - fire elemental
Aim: a fire elemental (moderately damaged, durably summoned, 64% to hit)
The bolt of acid hits the fire elemental!
The acid corrodes the fire elemental!
The fire elemental is heavily damaged.
The bolt of acid misses the fire elemental.
The fire elemental hits you. The fire elemental burns you!
The fire elemental barely misses you. The fire elemental hits you.
The fire elemental burns you! The fire elemental hits you.
The fire elemental burns you!
* * * LOW HITPOINT WARNING * * *
The fire elemental hits you. The fire elemental burns you!
* * * LOW HITPOINT WARNING * * *
Found a stone staircase leading down.
The fire elemental hits you. The fire elemental burns you!
* * * LOW HITPOINT WARNING * * *
There is a stone staircase leading down here.
The fire elemental hits you. The fire elemental burns you!
* * * LOW HITPOINT WARNING * * *
The fire elemental hits you. The fire elemental burns you!
You die...

# ##...#...°EE... #.#
###.!.$####.## #.# ##.#°#
#.# #.# #.#○# #.#.
#.######.#○# #...
#....?.....# #.#.
#.########.# #... #.# #.#
#..# #@# #.# #..# #E# #.#
#.># ### #E# ##.####..#
#######○###☼#######...##☼○.#
#..○○E○#°○.☼.........°○○☼○..
#.#####☼#########.#...##..°.
#°# #..○..# #.######.###
######°###○....# # #.#
....○....○.....# #.#


You could see 2 fire elementals.

Vanquished Creatures
  A troll (D:7)
  Grinder (D:3)
  Prince Ribbit (D:6)
  3 fire elementals (D:6)
  A water moccasin (D:7)
  3 ice beasts
  An ogre (D:5)
  2 kobold brigands (Sewer)
  A howler monkey (D:5)
  2 centaur zombies
  2 jellies
  2 orc priests
  A hound (D:5)
  3 iguanas
  11 orc wizards
  13 adders
  A howler monkey skeleton (D:5)
  3 river rats
  2 ufetubi
  An adder skeleton (D:2)
  A worm (D:2)
  3 dart slugs
  14 orcs
  8 ball pythons
  6 bats
  6 endoplasms
  4 giant cockroaches
  7 goblins
  4 hobgoblins
  7 jackals
  9 quokkas
  6 frilled lizards
  A jackal skeleton (D:4)
  11 kobolds
  8 rats
150 creatures vanquished.

Vanquished Creatures (others)
  78 foxfires
  4 fungi (D:6)
  4 plants (Sewer)
86 creatures vanquished.

Grand Total: 236 creatures vanquished

Notes
Turn   | Place    | Note
-------+----------+-------------------------------------------
     0 | D:1      | jjjjhere the Merfolk Cinder Acolyte began the quest for the
                  | Orb.
     0 | D:1      | Reached XP level 1. HP: 18/18 MP: 2/2
   109 | D:1      | Reached XP level 2. HP: 16/24 MP: 3/3
   114 | D:1      | Reached skill level 5 in Polearms
   831 | D:1      | Found a faded altar of an unknown god.
   912 | D:1      | Reached XP level 3. HP: 29/30 MP: 4/4
  1042 | D:2      | HP: 9/30 [poisoned by an adder]
  1350 | D:2      | Reached skill level 6 in Polearms
  1732 | D:2      | Reached XP level 4. HP: 35/37 MP: 3/5
  2194 | D:3      | Identified the +0 leather armour of Tender Moments {rPois}
  2529 | D:3      | Noticed Grinder
  2539 | D:3      | Reached skill level 7 in Polearms
  2540 | D:3      | Killed Grinder
  2541 | D:3      | Reached skill level 5 in Fighting
  2541 | D:3      | Reached skill level 8 in Polearms
  2541 | D:3      | Reached XP level 5. HP: 43/44 MP: 6/6
  2541 | D:3      | Reached XP level 6. HP: 50/51 MP: 7/7
  3394 | D:4      | Reached skill level 9 in Polearms
  3424 | D:4      | Reached skill level 1 in Dodging
  3619 | D:4      | Reached XP level 7. HP: 55/56 MP: 6/8
  3672 | D:4      | Found a broken altar of Ashenzari.
  3684 | D:4      | Found a staircase to the Ecumenical Temple.
  3931 | D:4      | Found a glowing drain.
  3935 | Sewer    | Entered a sewer
  3951 | Sewer    | Reached skill level 10 in Polearms
  5396 | D:5      | Entered Level 5 of the Dungeon
  5508 | D:5      | Reached skill level 11 in Polearms
  5513 | D:5      | Reached XP level 8. HP: 51/62 MP: 7/9
  5603 | D:5      | Reached skill level 1 in Armour
  6360 | D:6      | Noticed Prince Ribbit
  6397 | D:6      | Killed Prince Ribbit
  6398 | D:6      | Reached skill level 12 in Polearms
  6821 | Temple   | Entered the Ecumenical Temple
  6956 | Temple   | Fell from the grace of Ignis
  6956 | Temple   | Became a worshipper of Warmaster Okawaru
  7104 | D:6      | Reached skill level 13 in Polearms
  7248 | D:6      | You fall into a shaft and drop 1 floor!
  7293 | D:7      | Reached * piety under Okawaru
  7294 | D:7      | Reached XP level 9. HP: 47/68 MP: 7/10
  7337 | D:7      | Noticed a troll
  7344 | D:7      | HP: 22/68 [troll (8)]
  7349 | D:7      | HP: 14/68 [troll (1)]
  7356 | D:7      | Killed a troll
  7357 | D:7      | Reached skill level 14 in Polearms
  7695 | D:6      | HP: 22/68 [fire elemental[the fiery vengeance of Ignis]
                  | (8)]
  8037 | D:6      | HP: 18/68 [fire elemental[the fiery vengeance of Ignis]
                  | (6)]
  8043 | D:6      | HP: 7/68 [fire elemental[the fiery vengeance of Ignis] (6)]
  8046 | D:6      | HP: 1/68 [fire elemental[the fiery vengeance of Ignis] (6)]
  8046 | D:6      | Mangled by a fire elemental

Illustrated notes

Levels and vault maps discovered:
D:1:      ncdulo_smallfort, layout_basic, hellmonk_ecumenical_altar_zigzags
D:2:      layout_rooms
D:3:      layout_basic, minmay_misc_feat_five, uniq_grinder
D:4:      layout_loops_ring, lemuel_tele_altar, minmay_temple_entry_slanted,
          gup_sewer_entry_spiral
D:5:      layout_basic
D:6:      minmay_clustersquares, layout_loops_ring, uniq_prince_ribbit1,
          uniq_crazy_yiuf_cottage
D:7:      layout_cave_pools, serial_gnoll_camp, gnoll_camp_huts_basic,
          grums_kennel, gnoll_camp_mini_hut, gnoll_camp_mini_doghouse,
          gnoll_camp_medium_01, serial_shops, nicolae_take_the_stairs,
          dk_noncrumbling_2
Temple:   roderic_octagonal_lattice_temple

Skill      XL: |  1  2  3  4  5  6  7  8  9 |
---------------+----------------------------+-----
Polearms       | 5 6 8 9 11 13 14 | 14.0
Fighting       | 4 5 |  5.2
Dodging        | 1 3 |  3.5
Armour         | 3 |  3.8
Spellcasting   | |  1.0
Fire Magic     | |  2.1

Action                   |  1- 3 |  4- 6 |  7- 9 || total
-------------------------+-------+-------+-------++-------
Melee: Spear             |    50 |       |       ||    50
       Trident           |    64 |   158 |   419 ||   641
       Punch             |       |     1 |     5 ||     6
       Tailslap          |       |       |     8 ||     8
Invok: Foxfire Swarm     |     2 |     3 |     3 ||     8
       Fiery Armour      |     1 |       |       ||     1
Evoke: Wand              |       |       |     7 ||     7
  Use: Scroll            |       |       |    13 ||    13
       Potion            |       |       |     1 ||     1
 Stab: Sleeping          |     2 |     1 |     1 ||     4
       Paralysed         |       |       |     2 ||     2
Armor: Robe              |    20 |     1 |       ||    21
       Leather armour    |       |    28 |    32 ||    60
       Plate armour      |       |       |   167 ||   167
Dodge: Dodged            |    57 |    46 |   133 ||   236
